 Dungeon Crawl Stone Soup version 0.21.1-1-g345015f (webtiles) character file.

403 relionnb the Vexing (level 6, -3/47 HPs)
             Began as a Gnoll Arcane Marksman on Feb 28, 2018.
             Was an Initiate of the Shining One.
             Slain by a centaur skeleton (4 damage)
             ... on level 3 of the Dungeon.
             The game lasted 00:42:23 (4067 turns).

relionnb the Vexing (Gnoll Arcane Marksman)         Turns: 4067, Time: 00:42:23

Health: -3/47      AC:  6    Str: 13    XL:     6   Next: 86%
Magic:  11/11      EV: 15    Int: 16    God:    the Shining One [......]
Gold:   151        SH:  0    Dex: 16    Spells: 5/12 levels left

rFire    . . .     SeeInvis .   I - -2 trident (curse)
rCold    . . .     Gourm    +   (no shield)
rNeg     . . .     Faith    .   x - +2 leather armour
rPois    .         Spirit   .   (no helmet)
rElec    .         Reflect  .   v - +0 cloak (curse)
rCorr    .         Harm     .   (no gloves)
MR       .....                  (no boots)
Stlth    +.........             C - amulet of the gourmand
HPRegen  0.15/turn              (no ring)
MPRegen  0.12/turn              (no ring)

@: glowing
A: distributed training, fangs 1, strong nose
a: Renounce Religion


You were on level 3 of the Dungeon.
You worshipped the Shining One.
The Shining One was noncommittal.
You were very full.

You visited 1 branch of the dungeon, and saw 3 of its levels.

You collected 151 gold pieces.

Inventory:

Hand Weapons
 a - a +0 hand crossbow
 j - a +0 falchion
 k - a +0 short sword
 l - a +0 mace
 m - a +0 scythe
 p - a +0 mace
 r - a +0 hunting sling
 s - a +0 hunting sling
 t - a +0 short sword
 B - a +0 falchion
 G - a +0 whip
 H - a +0 mace
 I - a cursed -2 trident (weapon)
 J - a +0 dagger
Missiles
 d - 9 bolts
 g - 2 tomahawks
 i - 92 stones (quivered)
 L - 2 throwing nets
Armour
 b - a +0 robe
 e - a +0 robe
 n - a +0 robe
 q - a +0 robe
 u - a +0 robe
 v - a cursed +0 cloak (worn)
 w - a +0 robe
 x - a +2 leather armour (worn)
 y - a +0 robe
 z - a +0 leather armour
 A - a +0 leather armour
 D - a +0 leather armour
 E - a +0 ring mail
 M - a +0 leather armour
Jewellery
 C - an amulet of the gourmand (around neck)
Scrolls
 h - a scroll of identify
Potions
 o - 2 potions of lignification
Books
 c - a book of Debilitation

   Spells                             Type                      Level
   a - Corona                         Hexes                        1
   b - Slow                           Hexes                        2
   c - Inner Flame                    Hexes/Fire                   3
   d - Portal Projectile              Hexes/Translocation          3
   e - Cause Fear                     Hexes                        4
   f - Leda's Liquefaction            Hexes/Earth                  4
Comestibles
 f - 4 rations


   Skills:
 + Level 3.3 Fighting
 + Level 2.1 Short Blades
 + Level 2.1 Long Blades
 + Level 2.1 Axes
 + Level 2.1 Maces & Flails
 + Level 2.1 Polearms
 + Level 2.1 Staves
 + Level 2.1 Slings
 + Level 2.1 Bows
 + Level 5.0 Crossbows
 + Level 2.1 Throwing
 + Level 2.1 Armour
 + Level 5.0 Dodging
 + Level 2.1 Stealth
 + Level 2.1 Shields
 + Level 2.1 Unarmed Combat
 + Level 3.5 Spellcasting
 + Level 1.6 Conjurations
 + Level 5.7 Hexes
 + Level 1.6 Charms
 + Level 1.6 Summonings
 + Level 1.6 Necromancy
 + Level 1.6 Translocations
 + Level 1.6 Transmutations
 + Level 1.6 Fire Magic
 + Level 1.6 Ice Magic
 + Level 1.6 Air Magic
 + Level 1.6 Earth Magic
 + Level 1.6 Poison Magic
 + Level 2.3 Invocations
 + Level 2.1 Evocations


You had 5 spell levels left.
You knew the following spells:

 Your Spells              Type           Power        Failure   Level  Hunger
a - Corona                Hex            ###....      2%          1    None
b - Portal Projectile     Hex/Tloc       ##....       14%         3    ###....
c - Inner Flame           Hex/Fire       ##......     14%         3    ###....


Dungeon Overview and Level Annotations

Branches:
Dungeon (3/15)

Altars:
The Shining One


Innate Abilities, Weirdness & Mutations

Your experience applies equally to all skills.
You have very sharp teeth.
Your uncanny sense of smell can sniff out nearby items.


Message History

The centaur skeleton barely misses you.
The centaur skeleton completely misses you.
The centaur skeleton hits you.
* * * LOW HITPOINT WARNING * * *
The centaur skeleton misses you.
The centaur skeleton hits you but does no damage.
The centaur skeleton hits you.
* * * LOW HITPOINT WARNING * * *
The centaur skeleton hits you.
* * * LOW HITPOINT WARNING * * *
The centaur skeleton hits you.
* * * LOW HITPOINT WARNING * * *
The centaur skeleton misses you.
The centaur skeleton hits you but does no damage.
The centaur skeleton hits you but does no damage.
The centaur skeleton hits you but does no damage.
The centaur skeleton closely misses you.
The centaur skeleton closely misses you.
The centaur skeleton hits you.
You die...

###########........
#<..........#######
#.########### #.#
#.# #.# ##### #.##
#.... #..# #.###
##@# ### #.# #
#Z.......# #.# #
#.######.# #.###
#.# #.# #.##. #.#
#.# #.##. #.#
#.#####.##. #.#
#.......... #.#
#######.##. .......


You could see a centaur skeleton.

Vanquished Creatures
  Sigmund (D:3)
  An ogre (D:3)
  2 orc priests
  3 adders
  An ooze (D:2)
  2 worms
  2 dart slugs (D:2)
  3 leopard geckos
  7 orcs
  2 giant cockroaches
  8 goblins
  2 hobgoblins
  2 jackals (D:3)
  6 kobolds
  A quokka (D:2)
  8 bats
  9 frilled lizards
  6 rats
  A plant (D:1)
67 creatures vanquished.

Notes
Turn   | Place    | Note
-------+----------+-------------------------------------------
     0 | D:1      | relionnb the Gnoll Arcane Marksman began the quest for the Orb.
     0 | D:1      | Reached XP level 1. HP: 17/17 MP: 4/4
   617 | D:1      | Reached XP level 2. HP: 23/23 MP: 5/5
   981 | D:1      | Reached XP level 3. HP: 27/28 MP: 7/7
  1059 | D:1      | Learned a level 3 spell: Portal Projectile
  1063 | D:1      | Learned a level 3 spell: Inner Flame
  1433 | D:2      | Reached skill level 1 in Invocations
  1837 | D:2      | Reached skill level 1 in Short Blades
  1837 | D:2      | Reached skill level 1 in Long Blades
  1837 | D:2      | Reached skill level 1 in Axes
  1837 | D:2      | Reached skill level 1 in Maces & Flails
  1837 | D:2      | Reached skill level 1 in Polearms
  1837 | D:2      | Reached skill level 1 in Staves
  1837 | D:2      | Reached skill level 1 in Slings
  1837 | D:2      | Reached skill level 1 in Bows
  1837 | D:2      | Reached skill level 1 in Throwing
  1837 | D:2      | Reached skill level 1 in Armour
  1837 | D:2      | Reached skill level 1 in Stealth
  1837 | D:2      | Reached skill level 1 in Shields
  1837 | D:2      | Reached skill level 1 in Unarmed Combat
  1837 | D:2      | Reached skill level 1 in Evocations
  1928 | D:2      | Reached XP level 4. HP: 11/34 MP: 8/8
  2004 | D:2      | Reached skill level 1 in Conjurations
  2004 | D:2      | Reached skill level 1 in Charms
  2004 | D:2      | Reached skill level 1 in Summonings
  2004 | D:2      | Reached skill level 1 in Necromancy
  2004 | D:2      | Reached skill level 1 in Translocations
  2004 | D:2      | Reached skill level 1 in Transmutations
  2004 | D:2      | Reached skill level 1 in Fire Magic
  2004 | D:2      | Reached skill level 1 in Ice Magic
  2004 | D:2      | Reached skill level 1 in Air Magic
  2004 | D:2      | Reached skill level 1 in Earth Magic
  2004 | D:2      | Reached skill level 1 in Poison Magic
  2493 | D:2      | Found a glowing golden altar of the Shining One.
  2550 | D:2      | Became a worshipper of the Shining One
  3102 | D:3      | Reached XP level 5. HP: 40/40 MP: 9/9
  3418 | D:3      | Noticed Sigmund
  3459 | D:3      | Killed Sigmund
  3459 | D:3      | Reached skill level 5 in Crossbows
  3459 | D:3      | Reached skill level 5 in Dodging
  3459 | D:3      | Reached XP level 6. HP: 22/47 MP: 2/11
  4055 | D:3      | The Shining One protects you from harm!
  4060 | D:3      | HP: 2/47 [centaur skeleton (2)]
  4067 | D:3      | Slain by a centaur skeleton

Skill      XL: |  1  2  3  4  5  6 |
---------------+-------------------+-----
Invocations    | 1 2 |  2.3
Short Blades   | 1 2 |  2.1
Long Blades    | 1 2 |  2.1
Axes           | 1 2 |  2.1
Maces & Flails | 1 2 |  2.1
Polearms       | 1 2 |  2.1
Staves         | 1 2 |  2.1
Slings         | 1 2 |  2.1
Bows           | 1 2 |  2.1
Throwing       | 1 2 |  2.1
Armour         | 1 2 |  2.1
Stealth        | 1 2 |  2.1
Shields        | 1 2 |  2.1
Unarmed Combat | 1 2 |  2.1
Evocations     | 1 2 |  2.1
Spellcasting   | 3 |  3.5
Conjurations   | 1 |  1.6
Charms         | 1 |  1.6
Summonings     | 1 |  1.6
Necromancy     | 1 |  1.6
Translocations | 1 |  1.6
Transmutations | 1 |  1.6
Fire Magic     | 1 |  1.6
Ice Magic      | 1 |  1.6
Air Magic      | 1 |  1.6
Earth Magic    | 1 |  1.6
Poison Magic   | 1 |  1.6
Fighting       | 3 |  3.3
Crossbows      | 5 |  5.0
Dodging        | 5 |  5.0
Hexes          | |  5.7

Action                   |  1- 3 |  4- 6 || total
-------------------------+-------+-------++-------
Melee: Unarmed           |   303 |       ||   303
       Bite              |    60 |     2 ||    62
       Hand crossbow     |    24 |       ||    24
       Trident           |       |    33 ||    33
       Hunting sling     |       |     1 ||     1
 Fire: Hand crossbow     |    72 |    12 ||    84
       Hunting sling     |       |    82 ||    82
Throw: Stone             |       |    10 ||    10
 Cast: Portal Projectile |       |     3 ||     3
       Corona            |       |     1 ||     1
  Use: Potion            |     2 |     3 ||     5
       Scroll            |       |     8 ||     8
  Eat: Chunk             |     5 |     7 ||    12
       Ration            |     1 |     1 ||     2
Armor: Robe              |     5 |       ||     5
       Leather armour    |     3 |    28 ||    31
       Skin              |       |    10 ||    10
Dodge: Dodged            |    30 |   107 ||   137
